 Dungeon Crawl Stone Soup version 0.30-a0-800-g7c544603b3 (webtiles) character file.

Game seed: 13053977122319297850

68 Darius099 the Shield-Bearer (level 4, -11/41 HPs)
             Began as a Minotaur Fighter on Feb 22, 2023.
             Killed by nerve-wracking pain
             ... invoked by Grinder
              (13 damage)
             ... on level 3 of the Dungeon.
             The game lasted 00:05:27 (1730 turns).

Darius099 the Shield-Bearer (Minotaur Fighter)      Turns: 1730, Time: 00:05:28

Health: -11/41     AC:  7    Str: 22    XL:     4   Next: 1%
Magic:  3/3        EV:  9    Int:  5    God:
Gold:   82         SH:  4    Dex: 10    Spells: 3/3 levels left

rFire   . . .      SeeInvis .    a - +0 war axe
rCold   . . .      Faith    .    c - +0 buckler
rNeg    . . .      Spirit   .    b - +0 scale mail
rPois   .          Reflect  .    (helmet restricted)
rElec   .          Harm     .    (no cloak)
rCorr   .          Rampage  .    (no gloves)
Will    .....                    (no boots) Stlth
                                 (no amulet)
HPRegen 0.26/turn                (no ring)
MPRegen 0.08/turn                (no ring)

@: no status effects
A: horns 2, retaliatory headbutt
a: no special abilities


You were on level 3 of the Dungeon.
You visited 1 branch of the dungeon, and saw 3 of its levels.

You collected 82 gold pieces.

Inventory:

Hand Weapons
 a - a +0 war axe (weapon)
Missiles
 l - 21 stones (quivered)
Armour
 b - a +0 scale mail (worn)
 c - a +0 buckler (worn)
 m - a +0 chain mail
Scrolls
 f - 3 scrolls of identify {unknown}
 g - a scroll of enchant weapon {unknown}
 i - a scroll of fog {unknown}
 j - a scroll of amnesia {unknown}
Potions
 d - a potion of might
 e - a potion of attraction {unknown}
 h - a potion of curing
 k - a potion of magic {unknown}
 n - a potion of heal wounds {unknown}
 o - a potion of degeneration {unknown}


   Skills:
 + Level 4.3 Fighting
 + Level 3.3 Axes
 + Level 4.2 Armour
 + Level 4.3 Shields


You had 3 spell levels left.
You didn't know any spells.
Your spell library contained the following spells:

 Spells                   Type           Power      Damage    Failure   Level
 Cigotuvi's Dreadful Rot  Necr/Pois/Air  0%         N/A       95%         2
 Poisonous Vapours        Pois/Air       0%         N/A       95%         2
 Dazzling Flash           Conj/Hex       0%         N/A       99%         3
 Mephitic Cloud           Conj/Pois/Air  0%         N/A       99%         3
 Iskenderun's Mystic Bla  Conj/Tloc      0%         2d3       100%        4
 Starburst                Conj/Fire      0%         6d3       100%        6


Dungeon Overview and Level Annotations

Branches:
Dungeon (3/15)

Altars:

Annotations:
D:3 Grinder


Innate Abilities, Weirdness & Mutations

You have a pair of horns on your head.
You reflexively headbutt those who attack you in melee.


Message History

You miss the frilled lizard. Grinder hits you.
* * * LOW HITPOINT WARNING * * *
You writhe in agony.
* * * LOW HITPOINT WARNING * * *
The frilled lizard bites you but does no damage.
You closely miss Grinder.
Grinder is moderately wounded.
You miss the frilled lizard. The frilled lizard closely misses you.
You block Grinder's attack. Grinder hits you.
* * * LOW HITPOINT WARNING * * *
You writhe in agony.
* * * LOW HITPOINT WARNING * * *
The frilled lizard bites you but does no damage.
It was a potion of curing.
You feel better. The frilled lizard closely misses you.
Grinder gestures at you.
You suddenly lose the ability to move!
The frilled lizard bites you but does no damage.
Grinder blinks!
The frilled lizard bites you but does no damage. x3
You can move again.
Grinder hits you but does no damage.
You closely miss Grinder.
Grinder is lightly wounded.
You closely miss the frilled lizard.
The frilled lizard bites you but does no damage.
Grinder closely misses you.
You hit Grinder but do no damage.
Grinder is lightly wounded.
You hit the frilled lizard.
You kill the frilled lizard!
Grinder hits you!
* * * LOW HITPOINT WARNING * * *
You writhe in agony.
* * * LOW HITPOINT WARNING * * *
You hit Grinder.
Grinder is moderately wounded.
Grinder gestures at you. Pain shoots through your body!
You die...

#.##### .# #.#.##.. .#
#.#.##.#######.#
#.#..........#.#####
######.#.................
.......#.................
.......#........#........
.......#........)........
......)†@...........####.
##.######5......<...# ##.
##...........###..
.........##.###...
.......†.# .##..)#
##.......####...##
#.............##
#..........._^# #
#.............###


You could see Grinder.

Vanquished Creatures
  2 adders (D:2)
  An orc (D:3)
  2 endoplasms
  4 giant cockroaches
  5 goblins
  7 hobgoblins
  2 quokkas (D:1)
  6 ball pythons (D:1)
  4 bats (D:1)
  3 frilled lizards
  3 kobolds
  8 rats
47 creatures vanquished.

Notes
Turn   | Place    | Note
-------+----------+-------------------------------------------
     0 | D:1      | Darius099 the Minotaur Fighter began the quest for the Orb.
     0 | D:1      | Reached XP level 1. HP: 19/19 MP: 0/0
   209 | D:1      | Reached XP level 2. HP: 27/27 MP: 1/1
   769 | D:1      | Reached XP level 3. HP: 33/33 MP: 2/2
  1657 | D:3      | Found a faded altar of an unknown god.
  1711 | D:3      | Noticed Grinder
  1719 | D:3      | Reached XP level 4. HP: 28/40 MP: 3/3
  1721 | D:3      | HP: 1/40 [Grinder (5)]
  1722 | D:3      | Paralysed by Grinder for 5 turns
  1729 | D:3      | HP: 2/40 [Grinder (5)]
  1730 | D:3      | Killed from afar by Grinder

Illustrated notes

Levels and vault maps discovered:
D:1:      scummos_arrival_gate, layout_basic
D:2:      layout_basic
D:3:      layout_basic, kennysheep_ying_yang,
          hellmonk_ecumenical_altar_crossroads, uniq_grinder, uniq_ijyb

Skill      XL: |  1  2 |
---------------+-------+-----
Armour         | 4 |  4.2
Fighting       | 4 |  4.3
Shields        | 4 |  4.3
Axes           | 3 |  3.3

Action                     |  1- 3 |  4- 6 || total
---------------------------+-------+-------++-------
  Melee: War axe           |   100 |     6 ||   106
         Headbutt          |     6 |       ||     6
    Use: Potion            |       |     1 ||     1
 Armour: Scale mail        |    47 |     8 ||    55
  Dodge: Dodged            |    51 |     4 ||    55
  Block: Buckler           |    30 |     1 ||    31

Table legend: (Time is in decaauts)
 A = Elapsed time spent in this place.
 B = Non-inter-level travel time spent in this place.
 C = Inter-level travel time spent in this place.
 D = Time resting spent in this place.
 E = Time spent auto-exploring this place.
 F = Levels seen in this place.
 G = Mean time per level.
                   A        B        C        D        E       F      G
               +--------+--------+--------+--------+--------+-----+--------+
         Total |   1771 |   1732 |     39 |      0 |   1157 |   3 |  590.3 |
       Dungeon |   1771 |   1732 |     39 |      0 |   1157 |   3 |  590.3 |
               +--------+--------+--------+--------+--------+-----+--------+

Top non-repeatable levels by time:
     D:1: 1007 daAuts
     D:2: 674 daAuts
     D:3: 89 daAuts
